cohdb
Replays
Latest Replays
All Replays
Popular Replays
Top Player Replays
Match Explorer
How It Works
Community
CoH3 Stats
Reddit
Sign in to upload your games and track your stats! →
Sign in with Steam
Match 42513737
Unlisted
Match 42513737
Overview
Messages
Build Orders
End
Construct Section Command Post
Royal Engineer Section
Selects Canadian Shock Battlegroup
Vickers Machine Gun Team
Infantry Section
Grenade Package
Construct Platoon Command Post
Selects Attacking Spirit
Selects Canadian Shock Section
Infantry Section
Humber Armored Car
Construct Field Infirmary
Canadian Shock Section
ML 3-inch Mortar Team
Selects Burnout
Canadian Shock Section
Construct Company Command Post
matjouz
Sarmynation
Aherion
Baxster :)
0
0
Comments
sign in to comment!
No comments posted yet!